 Dungeon Crawl Stone Soup version 0.28.0-47-ge53b351184 (webtiles) character file.

Game seed: 4332625872389783605

5547 pkoi the Cruncher (level 10, -3/81 HPs)
             Began as a Demigod Gladiator on May 7, 2022.
             Slain by a basilisk (6 damage)
             ... while petrified by a basilisk
             ... on level 1 of the Lair of Beasts.
             The game lasted 00:20:05 (16100 turns).

pkoi the Cruncher (Demigod Gladiator)              Turns: 16100, Time: 00:20:06

Health: -3/81      AC: 14    Str: 15    XL:     10   Next: 20%
Magic:  17/17      EV:  2    Int: 22    God:
Gold:   503        SH:  0    Dex: 15    Spells: 6/15 levels left

rFire   + . .      SeeInvis .   g - +5 dire flail
rCold   . . .      Faith    .   (shield currently unavailable)
rNeg    + + +      Spirit   .   f - +1 ring mail {rF+}
rPois   ∞          Reflect  +   q - +2 helmet
rElec   .          Harm     .   v - +0 cloak
rCorr   .          Rampage  .   s - +0 pair of gloves
Will    +....                   x - +0 pair of boots
Stlth   +.........              r - amulet of reflection
HPRegen 0.23/turn               (no ring)
MPRegen 0.15/turn               (no ring)

@: petrified
A: high MP 1, forlorn, divine attributes
a: no special abilities


You were on level 1 of the Lair of Beasts.
You visited 3 branches of the dungeon, and saw 10 of its levels.
You also visited: Bailey.

You collected 503 gold pieces.

Inventory:

Hand Weapons
 a - a +0 quarterstaff
 g - a +5 dire flail (weapon)
 k - a +2 dagger of electrocution
 p - a +1 dagger of flaming
Missiles
 d - 24 poisoned darts
 A - 2 throwing nets
 B - 4 curare-tipped darts
Armour
 b - a +0 leather armour
 c - a +0 robe
 f - a +1 ring mail of fire resistance (worn)
 i - an orb of light
 j - a +0 plate armour
 q - a +2 helmet (worn)
 s - a +0 pair of gloves (worn)
 v - a +0 cloak (worn)
 x - a +0 pair of boots (worn)
Magical Staves
 e - a staff of conjuration
 u - a staff of cold
Jewellery
 r - an amulet of reflection (around neck)
Wands
 o - a wand of polymorph (18)
 t - a wand of flame (13) (quivered)
 z - a wand of acid (2)
Scrolls
 l - a scroll of enchant armour
 m - 8 scrolls of identify
 w - a scroll of amnesia
 y - a scroll of fog
Potions
 h - 6 potions of curing
 n - 2 potions of magic
 C - a potion of berserk rage


   Skills:
 + Level 5.5 Fighting
 * Level 8.1 Staves
 - Level 1.7 Throwing
 + Level 5.2 Armour
 + Level 5.9 Dodging
 - Level 3.0 Spellcasting
 + Level 4.5 Conjurations
 + Level 4.5 Hexes
 + Level 1.8 Summonings


You had 6 spell levels left.
You knew the following spells:

 Your Spells              Type           Power      Damage    Failure   Level
a - Call Canine Familiar  Summ           11%        N/A       32%         3
b - Dazzling Flash        Conj/Hex       46%        N/A       11%         3
c - Summon Guardian Gole  Hex/Summ       17%        N/A       19%         3

Your spell library contained the following spells:

 Spells                   Type           Power      Damage    Failure   Level
 Slow                     Hex            92%        N/A       3%          1
 Fulminant Prism          Conj/Hex       11%        3d9       34%         4
 Gell's Gravitas          Tloc           3%         N/A       56%         3
 Lesser Beckoning         Tloc           3%         N/A       56%         3
 Teleport Other           Tloc           3%         N/A       56%         3
 Iskenderun's Mystic Bla  Conj/Tloc      13%        2d5       65%         4
 Starburst                Conj/Fire      6%         6d4       100%        6


Dungeon Overview and Level Annotations

Branches:
Dungeon (8/15)             Temple (1/1) D:7            Lair (1/6) D:8
 Bailey (visited)


Innate Abilities, Weirdness & Mutations

You have an increased reservoir of magic. (+10% MP)
You shall have no god before yourself.
Your divine heritage dramatically boosts your attributes as you level up.


Message History

Aim: Fannar, wielding a +0 quarterstaff of freezing, wearing a +1 robe of cold resistance and wearing a ring of ice (severely wounded, covered in acid, 53% to hit)
The bolt of acid misses Fannar.
Fannar hits you but does no damage. The ice beast closely misses you.
Unknown command.
Unknown command.
Aiming: Corrosive Bolt
Press: ? - help, Shift-Dir - straight line, f/p - Fannar
Aim: Fannar, wielding a +0 quarterstaff of freezing, wearing a +1 robe of cold resistance and wearing a ring of ice (severely wounded, covered in acid, 53% to hit)
The bolt of acid hits Fannar!!
You kill Fannar!
The ice beast disappears in a puff of smoke! x3
Your Staves skill increases to level 8!
Unknown command.
Things that are here:
a +0 quarterstaff of freezing; a +1 robe of cold resistance; a ring of ice The basilisk gazes at you.
You are slowing down.
Unknown command.
Unknown command.
Unknown command.
Unknown command.
Aiming: Throw Flame
Press: ? - help, Shift-Dir - straight line, f - basilisk
Aim: a basilisk (60% to hit)
The puff of flame hits the basilisk.
The basilisk is lightly wounded.
Your limbs are stiffening.
Unknown command.
Aiming: Throw Flame
Press: ? - help, Shift-Dir - straight line, f/p - basilisk
Aim: a basilisk (lightly wounded, 60% to hit)
The puff of flame hits the basilisk.
The basilisk is lightly wounded.
The basilisk gazes at you.
Your limbs have turned to stone.
You have turned to stone.
The basilisk bites you!
* * * LOW HITPOINT WARNING * * *
The basilisk bites you but does no damage.
The basilisk bites you!
You die...

#.## ##
##..###.####
#..........#
#.........##
###.........#
............#
#)##....>....####
.. #(...........#
# ##.##@.#####.P
###.l## .... #.##
#.... # #†# .....
##.#'## ..S#.#
##.....##.....F
#P.....#.....?.
###..##...# #..8.
#..##


You could see a basilisk.

Vanquished Creatures
  Fannar (Lair:1)
  A cyclops (D:7)
  A cane toad (Lair:1)
  A wyvern (D:7)
  A fire bat (D:7)
  A yak (D:7)
  A human (D:7)
  A steam dragon (D:6)
  Menkaure (D:4)
  5 water moccasins
  2 black bears (D:4)
  An orc warrior (D:6)
  An ice beast (D:7)
  A necrophage (D:6)
  An ogre (D:5)
  3 kobold brigands
  9 bullfrogs
  3 scorpions
  Dowan (D:7)
  11 wights
  A howler monkey (D:6)
  A bullfrog zombie (D:5)
  2 orc priests
  2 jellies (D:4)
  Crazy Yiuf (D:4)
  A bullfrog skeleton (D:5)
  2 hounds (D:5)
  2 iguanas
  A centaur skeleton (D:7)
  4 orc wizards
  Jessica (D:2)
  3 hell rats
  A killer bee zombie (D:8)
  Robin (D:2)
  4 gnolls
  A howler monkey skeleton (D:7)
  7 adders
  A river rat (D:8)
  A shadow imp (D:8)
  A white imp (D:4)
  An ufetubus (D:6)
  3 worms
  5 dart slugs
  28 orcs
  10 endoplasms
  5 giant cockroaches
  21 goblins
  8 hobgoblins
  2 jackals (D:1)
  8 quokkas
  7 ball pythons
  4 bats
  4 frilled lizards
  22 kobolds
  9 rats
222 creatures vanquished.

Vanquished Creatures (others)
  A fungus (Lair:1)
  5 plants (Lair:1)
6 creatures vanquished.

Grand Total: 228 creatures vanquished

Notes
Turn   | Place    | Note
-------+----------+-------------------------------------------
     0 | D:1      | pkoi the Demigod Gladiator began the quest for the Orb.
     0 | D:1      | Reached XP level 1. HP: 17/17 MP: 3/3
   322 | D:1      | Reached XP level 2. HP: 21/24 MP: 4/4
   623 | D:1      | Reached skill level 3 in Staves
  1165 | D:1      | Got the Grimoire of the Many Portals
  1284 | D:1      | Reached XP level 3. HP: 29/29 MP: 5/5
  1539 | D:2      | Reached skill level 1 in Armour
  2239 | D:2      | Noticed Jessica
  2240 | D:2      | Noticed Robin
  2284 | D:2      | Killed Robin
  2285 | D:2      | Reached XP level 4. HP: 37/37 MP: 7/7
  2291 | D:2      | Killed Jessica
  2547 | D:2      | Reached skill level 1 in Spellcasting
  3090 | D:3      | Noticed an Executioner
  3090 | D:3      | Noticed an angel
  3148 | D:3      | Reached XP level 5. HP: 32/42 MP: 9/9
  3541 | D:3      | Learned a level 3 spell: Call Canine Familiar
  3681 | D:3      | Reached skill level 4 in Staves
  4249 | D:4      | Noticed a black bear
  4358 | D:4      | Killed a black bear
  4729 | D:4      | Reached XP level 6. HP: 48/50 MP: 10/10
  4844 | D:4      | Learned a level 3 spell: Dazzling Flash
  5234 | D:4      | Noticed Menkaure
  5598 | D:4      | Killed Menkaure
  5858 | D:4      | Reached skill level 1 in Conjurations
  5858 | D:4      | Reached skill level 1 in Hexes
  5858 | D:4      | Reached XP level 7. HP: 25/57 MP: 13/13
  7236 | D:4      | Reached skill level 5 in Staves
  7307 | D:4      | Found a runed translucent door.
  7308 | D:4      | Noticed Crazy Yiuf
  7397 | D:4      | Killed Crazy Yiuf
  7503 | D:5      | Entered Level 5 of the Dungeon
  9177 | D:6      | Reached XP level 8. HP: 59/66 MP: 13/15
  9534 | D:6      | Noticed Sigmund
  9969 | D:6      | Reached skill level 6 in Staves
 10348 | D:7      | Found a flagged portal.
 10464 | Bailey   | Entered a bailey
 11785 | D:7      | Found a staircase to the Ecumenical Temple.
 11925 | D:7      | Reached XP level 9. HP: 58/72 MP: 16/16
 12146 | D:7      | Reached skill level 5 in Dodging
 12508 | D:7      | Noticed Dowan
 12509 | D:7      | Noticed Duvessa
 12509 | D:7      | Noticed Duvessa
 12509 | D:7      | Duvessa changed into Duvessa the fire bat
 12537 | D:7      | Killed Duvessa the fire bat
 12546 | D:7      | Killed Dowan
 12547 | D:7      | Reached skill level 7 in Staves
 12965 | D:7      | Noticed a cyclops
 13727 | D:7      | Killed a cyclops
 13728 | D:7      | Reached skill level 5 in Fighting
 13916 | D:6      | Noticed Sigmund
 13916 | D:6      | Sigmund changed into Sigmund the dart slug
 13922 | D:6      | Killed Sigmund the dart slug
 14335 | D:8      | Found a staircase to the Lair.
 14335 | D:8      | Noticed a death yak
 14336 | D:8      | Noticed a death yak
 14344 | D:8      | Noticed a death yak
 14394 | Temple   | Entered the Ecumenical Temple
 14908 | D:7      | Learned a level 3 spell: Summon Guardian Golem
 15707 | Lair:1   | Entered Level 1 of the Lair of Beasts
 15749 | Lair:1   | Reached skill level 1 in Summonings
 16028 | Lair:1   | Noticed a cane toad
 16035 | Lair:1   | Reached skill level 5 in Armour
 16039 | Lair:1   | Reached XP level 10. HP: 76/78 MP: 17/17
 16058 | Lair:1   | Noticed Fannar
 16092 | Lair:1   | Killed Fannar
 16093 | Lair:1   | Reached skill level 8 in Staves
 16098 | Lair:1   | HP: 3/81 [basilisk (7)]
 16100 | Lair:1   | Slain by a basilisk

Illustrated notes

Levels and vault maps discovered:
D:1:      lemuel_arrival_tunnels, layout_loops_ring
D:2:      layout_loops_ring, basic_ecumenical_altar, kennysheep_generic_room_11,
          uniq_robin, uniq_jessica
D:3:      layout_rooms, grunt_temple_overflow_order_and_chaos_2
D:4:      layout_loops_cross, okawaru_metal_pillars_3, minmay_quadrilaterals,
          uniq_menkaure, uniq_crazy_yiuf_cottage
D:5:      layout_basic, mainiacjoe_overflow_concentric_impassable,
          nicolae_vehumet_radiance, kennysheep_slug_shrine,
          minmay_stone_trees_medium
D:6:      layout_basic, mainiacjoe_overflow_paths, uniq_sigmund
D:7:      layout_basic, nicolae_gozag_seed_capital, minmay_temple_entry_statues,
          enter_bailey_3, uniq_duvessa
D:8:      layout_loops_ring, dpeg_lair_monsters, minmay_misc_feat_four_crosses,
          kennysheep_generic_room_3
Temple:   nicolae_temple_hex_pool
Lair:1:   layout_roguey, grunt_megastairs_2, uniq_fannar

Skill      XL: |  1  2  3  4  5  6  7  8  9 10 |
---------------+-------------------------------+-----
Fighting       | 2 3 4 5 |  5.5
Staves         | 3 4 5 6 7 8 |  8.1
Dodging        | 3 4 5 |  5.9
Armour         | 1 2 3 4 5 |  5.2
Spellcasting   | 1 2 3 |  3.0
Conjurations   | 1 2 3 4 |  4.5
Hexes          | 1 2 3 4 |  4.5
Summonings     | 1 |  1.8
Throwing       | |  1.7

Action                   |  1- 3 |  4- 6 |  7- 9 | 10-12 || total
-------------------------+-------+-------+-------+-------++-------
Melee: Quarterstaff      |   144 |   194 |   374 |       ||   712
       Staff             |       |       |     2 |       ||     2
       Dire flail        |       |       |   206 |    13 ||   219
Throw: Throwing net      |       |       |     3 |       ||     3
 Cast: Dazzling Flash    |       |       |    10 |       ||    10
Evoke: Wand              |       |       |     6 |    10 ||    16
  Use: Scroll            |     4 |     2 |     7 |       ||    13
       Potion            |       |     5 |     3 |     1 ||     9
 Stab: Sleeping          |     1 |       |       |       ||     1
       Invisible         |       |       |     7 |       ||     7
Armor: Leather armour    |    14 |       |       |       ||    14
       Ring mail         |    38 |    11 |   147 |    21 ||   217
       Skin              |     3 |     1 |       |       ||     4
       Plate armour      |       |   160 |   138 |       ||   298
Dodge: Dodged            |    88 |    59 |   297 |    11 ||   455
Block: Other             |       |       |   120 |     3 ||   123
       Reflection        |       |       |     3 |       ||     3
